 Dungeon Crawl Stone Soup version 0.26-a0-1191-ge2a0e31ab3 (webtiles) character file.

Game seed: 3363612531480730718

78 jestyr24 the Skirmisher (level 4, -2/41 HPs)
             Began as a Minotaur Monk on Dec 28, 2020.
             Slain by Sigmund
             ... wielding a +0 scythe
              (13 damage)
             ... on level 3 of the Dungeon.
             The game lasted 00:03:49 (1576 turns).

jestyr24 the Skirmisher (Minotaur Monk)             Turns: 1576, Time: 00:03:50

Health: -2/41      AC:  8    Str: 16    XL:     4   Next: 15%
Magic:  3/3        EV: 12    Int:  7    God:
Gold:   95         SH:  0    Dex: 13    Spells: 3/3 levels left

rFire    . . .     SeeInvis .   a - +0 hand axe
rCold    . . .     Faith    .   (no shield)
rNeg     . . .     Spirit   .   h - +0 ring mail
rPois    .         Reflect  .   n - +2 hat
rElec    .         Harm     .   (no cloak)
rCorr    .         Rampage  .   (no gloves)
Will     .....                  k - +0 pair of boots
Stlth    +.........             (no amulet)
HPRegen  0.13/turn              (no ring)
MPRegen  0.08/turn              (no ring)

@: no status effects
A: retaliatory headbutt, horns 2
a: no special abilities


You were on level 3 of the Dungeon.
You visited 1 branch of the dungeon, and saw 3 of its levels.

You collected 95 gold pieces.

Inventory:

Hand Weapons
 a - a +0 hand axe (weapon)
 q - a +0 trident
Missiles
 e - 69 stones (quivered)
 g - 7 javelins
Armour
 b - a +0 robe
 h - a +0 ring mail (worn)
 k - a +0 pair of boots (worn)
 n - a +2 hat (worn)
Scrolls
 f - 3 scrolls of teleportation {unknown}
 i - a scroll of noise {unknown}
 j - a scroll of immolation {unknown}
 l - 3 scrolls of identify {unknown}
 p - a scroll of magic mapping {unknown}
Potions
 c - 3 potions of degeneration {unknown}
 d - 3 potions of curing {unknown}
 m - a potion of haste {unknown}
 o - a potion of resistance {unknown}


   Skills:
 + Level 4.4 Fighting
 - Level 3.9 Axes
 * Level 2.1 Armour
 + Level 4.1 Dodging
 - Level 1.6 Stealth


You had 3 spell levels left.
You didn't know any spells.
Your spell library was empty.

Dungeon Overview and Level Annotations

Branches:
Dungeon (3/15)

Altars:

Annotations:
D:3 Ijyb, Sigmund


Innate Abilities, Weirdness & Mutations

You reflexively headbutt those who attack you in melee.
You have a pair of horns on your head.


Message History

You bump into the rock wall.
You feel less confused. Sigmund closely misses you.
You hit Sigmund. Your headbutt misses Sigmund.
Sigmund is heavily wounded.
Sigmund hits you with a +0 scythe.
You hit Sigmund. You headbutt Sigmund.
Sigmund is severely wounded.
Sigmund points at you and mumbles some strange words.
You resist with some effort.
You closely miss Sigmund.
Sigmund is severely wounded.
Sigmund hits you with a +0 scythe!
* * * LOW HITPOINT WARNING * * *
You closely miss Sigmund. Your headbutt misses Sigmund.
Sigmund is severely wounded.
You closely miss Sigmund.
Sigmund is severely wounded.
Sigmund hits you with a +0 scythe!
You die...

#..# #######
##.# .......
#.## .((....
#..# ....$..
##.#
##.......
#.#
.###........
#.#
...<.....g..
#.#
.###........
#@#
.^.......
#@...(.#
.....####
##...#...
......# ...#
......#
.....
........
..####
...... ...
...#


You could see Sigmund.

Vanquished Creatures
  3 adders (D:2)
  A gnoll (D:1)
  A worm (D:3)
  4 leopard geckos
  2 bats (D:1)
  2 giant cockroaches (D:1)
  3 goblins
  2 hobgoblins
  A quokka (D:2)
  A ball python (D:2)
  4 frilled lizards
  5 kobolds
  9 rats
38 creatures vanquished.

Vanquished Creatures (others)
  A plant (D:1)
1 creature vanquished.

Grand Total: 39 creatures vanquished

Notes
Turn   | Place    | Note
-------+----------+-------------------------------------------
     0 | D:1      | jestyr24 the Minotaur Monk began the quest for the Orb.
     0 | D:1      | Reached XP level 1. HP: 19/19 MP: 0/0
   119 | D:1      | Reached XP level 2. HP: 19/27 MP: 1/1
   463 | D:1      | Reached XP level 3. HP: 33/33 MP: 2/2
   988 | D:2      | Reached skill level 1 in Armour
  1361 | D:2      | Reached XP level 4. HP: 41/41 MP: 3/3
  1514 | D:3      | Noticed Ijyb
  1558 | D:3      | Noticed Sigmund
  1576 | D:3      | Slain by Sigmund

Illustrated notes

Levels and vault maps discovered:
D:1:      nicolae_arrival_memento_mori, layout_basic, serial_forest,
          infiniplex_forest_clump_tiny, infiniplex_forest_end_1,
          infiniplex_forest_lined_1, infiniplex_forest_lined_3,
          infiniplex_forest_clump_large
D:2:      layout_rooms
D:3:      layout_basic, uniq_sigmund, uniq_ijyb

Skill      XL: |  1  2  3 |
---------------+----------+-----
Fighting       | 4 |  4.4
Armour         | 2 |  2.1
Dodging        | 4 |  4.1
Axes           | |  3.9
Stealth        | |  1.6

Action                   |  1- 3 |  4- 6 || total
-------------------------+-------+-------++-------
Melee: Hand axe          |    92 |    14 ||   106
       Headbutt          |     6 |     3 ||     9
 Stab: Sleeping          |     1 |       ||     1
Armor: Robe              |     3 |       ||     3
       Ring mail         |    26 |     1 ||    27
Dodge: Dodged            |    65 |     4 ||    69

Table legend: (Time is in decaauts)
 A = Elapsed time spent in this place.
 B = Non-inter-level travel time spent in this place.
 C = Inter-level travel time spent in this place.
 D = Time resting spent in this place.
 E = Time spent auto-exploring this place.
 F = Levels seen in this place.
 G = Mean time per level.
                   A        B        C        D        E       F      G
               +--------+--------+--------+--------+--------+-----+--------+
         Total |   1587 |   1551 |     36 |      0 |   1148 |   3 |  529.0 |
       Dungeon |   1587 |   1551 |     36 |      0 |   1148 |   3 |  529.0 |
               +--------+--------+--------+--------+--------+-----+--------+

Top non-repeatable levels by time:
     D:1: 916 daAuts
     D:2: 636 daAuts
     D:3: 34 daAuts
